 Seeded DCSS version 0.28-a0-804-g60983d4ba9 (webtiles) character file.

Game seed: 20211107 (custom seed)

3 cheechan the Skirmisher (level 1, 0/21 HPs)
             Began as a Naga Fighter on Nov 7, 2021.
             Slain by an adder (1 damage)
             ... on level 2 of the Dungeon.
             The game lasted 00:00:32 (118 turns).

cheechan the Skirmisher (Naga Fighter)               Turns: 118, Time: 00:00:32

Health: 0/21       AC:  4    Str: 18    XL:     1   Next: 50%
Magic:  1/1        EV:  7    Int:  8    God:
Gold:   16         SH:  4    Dex: 10    Spells: 0/0 levels left

rFire   . . .      SeeInvis +   a - +0 war axe
rCold   . . .      Faith    .   c - +0 buckler
rNeg    . . .      Spirit   .   b - +0 scale mail
rPois   +          Reflect  .   (no helmet)
rElec   .          Harm     .   (no cloak)
rCorr   .          Rampage  .   (no gloves)
Will    .....                   (no barding)
Stlth   ..........              (no amulet)
HPRegen 0.07/turn               (no ring)
MPRegen 0.07/turn               (no ring)

@: very slow
A: AC +0, large, see invisible, deformed body, poison resistance, slowness 2,
spit poison 1, naga tail 1
a: Spit Poison


You were on level 2 of the Dungeon.
You visited 1 branch of the dungeon, and saw 2 of its levels.

You collected 16 gold pieces.

Inventory:

Hand Weapons
 a - a +0 war axe (weapon)
Armour
 b - a +0 scale mail (worn)
 c - a +0 buckler (worn)
Scrolls
 e - a scroll of identify {unknown}
Potions
 d - a potion of might
 f - a potion of curing {unknown}


   Skills:
 + Level 3.0 Fighting
 + Level 2.0 Axes
 + Level 2.5 Armour
 + Level 2.4 Shields


You couldn't memorise any spells.
You didn't know any spells.
Your spell library was empty.

Dungeon Overview and Level Annotations

Branches:
Dungeon (2/15)

Altars:


Innate Abilities, Weirdness & Mutations

Your serpentine skin is tough. (AC +0)
You have supernaturally acute eyesight. (SInv)
Armour fits poorly on your strangely shaped body.
Your system is resistant to poisons. (rPois)
You cover ground very slowly.
You can spit poison.
You have a snake-like lower body.


Message History

Found a stone staircase leading up.
A rat comes into view.
You block the rat's attack.
Found a mace and a red potion.
You block the rat's attack. The rat bites you.
The rat twitches its whiskers.
The rat bites you. The rat bites you but does no damage.
You hit the rat.
The rat is severely wounded.
The rat bites you.
You hit the rat.
You kill the rat!
Found a ring mail.
A kobold comes into view. It is wielding a +0 dagger.
The kobold shouts!
The kobold hits you with a +0 dagger.
An adder comes into view.
The adder hisses angrily.
The kobold hits you but does no damage. The kobold hits you but does no damage.
You hit the kobold but do no damage. The kobold hits you with a +0 dagger.
You hit the kobold.
The kobold is heavily wounded.
The kobold hits you but does no damage.
You hit the kobold.
The kobold is severely wounded.
You barely miss the adder. The adder bites you.
* * * LOW HITPOINT WARNING * * *
The kobold closely misses you. The adder bites you.
* * * LOW HITPOINT WARNING * * *
You block the kobold's attack.
You barely miss the adder.
Your scale mail prevents you from hitting the kobold.
The adder barely misses you. The kobold hits you with a +0 dagger.
* * * LOW HITPOINT WARNING * * *
The adder barely misses you.
You barely miss the adder. You hit the kobold but do no damage.
The adder bites you.
You die...

#.#####..............###...<..
####.........######.............#
.....###..#### ##.....##..#####
...[.....#######........#...#
##........................#.
####.##.###.###.........# .
.......##.###.##........### .
###...###..##.##$........ ..
...#....#†.#.#.@...[...
..######........KS...... .
####....#........
........#.......#
####............. #.<...........
..............# .......)..!.##..
............# ..


You could see an adder and a kobold.

Vanquished Creatures
  A quokka (D:2)
  A ball python (D:2)
  A kobold (D:2)
  A rat (D:2)
4 creatures vanquished.

Notes
Turn   | Place    | Note
-------+----------+-------------------------------------------
     0 | D:1      | cheechan the Naga Fighter began the quest for the Orb.
     0 | D:1      | Reached XP level 1. HP: 21/21 MP: 1/1
   117 | D:2      | HP: 1/21 [kobold (3)]
   118 | D:2      | Slain by an adder

Illustrated notes

Levels and vault maps discovered:
D:1:      minmay_arrival_up_and_down, layout_rooms,
          chequers_hall_statues_corner_a
D:2:      layout_rooms, basic_altar, minmay_misc_feat_rows,
          chequers_serial_rivers_micro_c, uniq_sigmund

Action                   || total
-------------------------++-------
Melee: War axe           ||    13
 Abil: Spit Poison       ||     1
Armor: Scale mail        ||     5
Dodge: Dodged            ||     5
Block: Buckler           ||     3

Table legend: (Time is in decaauts)
 A = Elapsed time spent in this place.
 B = Non-inter-level travel time spent in this place.
 C = Inter-level travel time spent in this place.
 D = Time resting spent in this place.
 E = Time spent auto-exploring this place.
 F = Levels seen in this place.
 G = Mean time per level.
                   A        B        C        D        E       F      G
               +--------+--------+--------+--------+--------+-----+--------+
         Total |    161 |    161 |      0 |      0 |      0 |   2 |   80.5 |
       Dungeon |    161 |    161 |      0 |      0 |      0 |   2 |   80.5 |
               +--------+--------+--------+--------+--------+-----+--------+

Top non-repeatable levels by time:
     D:2: 136 daAuts
     D:1: 25 daAuts
